 Dungeon Crawl Stone Soup version 0.29.0-4-gdea44cf6ec (webtiles) character file.

Game seed: 9696737203709553622

1565 qw the Shield-Bearer (level 8, -1/46 HPs)
             Began as a Tengu Warper on Aug 28, 2022.
             Was an Initiate of Okawaru.
             Slain by a steam dragon (3 damage)
             ... on level 6 of the Dungeon.
             The game lasted 00:00:40 (6526 turns).

qw the Shield-Bearer (Tengu Warper)                 Turns: 6526, Time: 00:00:41

Health: -1/46      AC: 16    Str: 13 (14) XL:     8   Next: 89%
Magic:  12/12      EV:  2    Int: 13      God:    Okawaru [......]
Gold:   305        SH: 15    Dex: 14      Spells: 11/11 levels left

rFire   . . .      SeeInvis .   Y - +3 war axe (venom)
rCold   . . .      Faith    .   k - +0 tower shield
rNeg    . . .      Spirit   .   t - +2 plate armour
rPois   .          Reflect  .   (helmet restricted)
rElec   .          Harm     .   (no cloak)
rCorr   .          Rampage  .   e - +2 pair of gloves
Will    .....                   (boots unavailable)
Stlth   ..........              (no amulet)
HPRegen 0.15/turn               (no ring)
MPRegen 0.13/turn               (no ring)

@: about to teleport, flying quickly and evasively, quick
A: beak, talons 3, nimble flight, deterioration 1
a: Renounce Religion


You were on level 6 of the Dungeon.
You worshipped Okawaru.
Okawaru was noncommittal.
You visited 2 branches of the dungeon, and saw 7 of its levels.

You collected 395 gold pieces.
You spent 90 gold pieces at shops.


Innate Abilities, Weirdness & Mutations

You have a beak for a mouth.
You have claws for feet.
Your magical nature lets you fly swiftly and evasively.
Your body sometimes deteriorates upon taking damage.


   Skills:
 - Level 3.0 Fighting
 - Level 7.0 Axes
 - Level 1.0 Throwing
 - Level 3.7 Armour
 - Level 2.1 Dodging
 + Level 7.8 Shields
 - Level 2.0 Spellcasting
 - Level 2.4 Translocations


You had 11 spell levels left.
You didn't know any spells.
Your spell library contained the following spells:

 Spells                   Type           Power      Damage    Failure   Level
 Blink                    Tloc           14%        N/A       100%        2
 Gell's Gravitas          Tloc           7%         N/A       100%        3
 Lesser Beckoning         Tloc           7%         N/A       100%        3
 Teleport Other           Tloc           7%         N/A       100%        3
 Manifold Assault         Tloc           7%         N/A       100%        5

Inventory:

Hand Weapons
 l - a +0 flail
 Y - a +3 war axe of venom (weapon)
Armour
 e - a +2 pair of gloves (worn)
 k - a +0 tower shield (worn)
 t - a +2 plate armour (worn)
Scrolls
 n - a scroll of teleportation
 q - a scroll of identify
Potions
 a - a potion of haste {unknown}
 b - a potion of degeneration {unknown}
 c - a potion of invisibility {unknown}
 d - a potion of ambrosia {unknown}
 g - 2 potions of curing
 i - a potion of attraction {unknown}
 j - 2 potions of mutation
 o - a potion of cancellation {unknown}
 s - a potion of heal wounds {unknown}

Dungeon Overview and Level Annotations

Branches:
Dungeon (6/15)             Temple (1/1) D:6

Altars:
Ashenzari
Cheibriados
Elyvilon
Fedhas
Kikubaaqudgha
Makhleb
Okawaru
Qazlal
Sif Muna
Uskayaw
Wu Jian
Yredelemnul
Zin
The Shining One


Message History

Your kick misses the steam dragon.
You are engulfed in a cloud of scalding steam.
You block the steam dragon's attack. x3
The steam dragon claws you but does no damage.
You slash the steam dragon!
The steam dragon is poisoned.
The steam dragon is heavily wounded.
You are engulfed in a cloud of scalding steam.
The steam dragon bites you. You block the steam dragon's attack.
You hit the steam dragon.
The steam dragon looks as sick as possible!
Your kick misses the steam dragon.
You peck the steam dragon, but do no damage.
The steam dragon is severely wounded.
You are engulfed in a cloud of scalding steam.
You block the steam dragon's attack. The steam dragon claws you.
You hit the steam dragon.
The steam dragon looks as sick as possible!
Your kick misses the steam dragon. Your peck misses the steam dragon.
The steam dragon is severely wounded.
A hound comes into view.
The steam dragon breathes steam at you. The ball of steam hits you!
Your body deteriorates!
You feel weakened. You block the steam dragon's attack.
The steam dragon claws you but does no damage.
The hound barks!
6525 ||| READING 2 scrolls of teleportation.
As you read the scroll of teleportation, it crumbles to dust.
You feel strangely unstable.
You are engulfed in a cloud of scalding steam.
The hound stops to sniff the ground.
You block the steam dragon's attack.
The steam dragon claws you but does no damage.
You hit the steam dragon but do no damage.
The steam dragon looks as sick as possible!
You claw the steam dragon, but do no damage.
Your peck misses the steam dragon.
The steam dragon is almost dead.
You block the steam dragon's attack. The steam dragon claws you.
You die...

.## ...#
#...####### ###
#........# g ..#
##)...... .g.
.... #.......#
.... .....#
#....¤¤##gh...
......##
#.¤¤¤@Dgg#
.......##
##¤...####
........## ##..##
.........####..##
#.........##..##
##...........##
............##
..........###
..........#


You could see a steam dragon (extremely poisoned), a hound and 3 gnolls.

Vanquished Creatures
  Prince Ribbit (D:5)
  A water moccasin (D:6)
  An ice beast (D:6)
  2 ogres (D:5)
  3 scorpions (D:5)
  3 necrophages
  A howler monkey (D:5)
  4 hounds
  2 jellies
  A gnoll bouda (D:5)
  An orc priest (D:4)
  2 iguanas (D:4)
  An orc wizard (D:5)
  Robin (D:3)
  7 gnolls (D:5)
  10 adders
  A white imp (D:5)
  2 ufetubi
  2 worms
  2 dart slugs
  10 orcs
  2 bats
  6 endoplasms
  4 giant cockroaches
  15 goblins
  7 hobgoblins
  9 quokkas
  8 ball pythons
  5 frilled lizards
  6 kobolds
  2 rats
122 creatures vanquished.

Notes
Turn   | Place    | Note
-------+----------+-------------------------------------------
     0 | D:1      | qw the Tengu Warper began the quest for the Orb.
     0 | D:1      | Reached XP level 1. HP: 12/12 MP: 4/4
     0 | D:1      | 0 ||| qw: Version: 0.1-a-89-g26bdef1
     0 | D:1      | 0 ||| qw: Game counter: 1069
     0 | D:1      | 0 ||| qw: Always use a shield: true
     0 | D:1      | 0 ||| qw: God list: Okawaru
     0 | D:1      | 0 ||| qw: Allow faded altars: false
     0 | D:1      | 0 ||| qw: Do Orc after D:15 true
     0 | D:1      | 0 ||| qw: Do second Lair branch before Depths: true
     0 | D:1      | 0 ||| qw: Lair rune preference: random
     0 | D:1      | 0 ||| qw: Plans: Normal
     0 | D:1      | 0 ||| PLANNING D:1-11
    70 | D:1      | HP: 2/12 [quokka (2)]
   353 | D:1      | Reached XP level 2. HP: 17/17 MP: 6/6
   357 | D:1      | Reached skill level 3 in Axes
   396 | D:1      | 396 ||| Stepping ~*~*~tactically~*~*~ (stealth).
   398 | D:1      | 398 ||| Stepping ~*~*~tactically~*~*~ (stealth).
   508 | D:1      | 508 ||| Stepping ~*~*~tactically~*~*~ (stealth).
   529 | D:1      | 529 ||| Stepping ~*~*~tactically~*~*~ (stealth).
   533 | D:1      | 533 ||| Stepping ~*~*~tactically~*~*~ (stealth).
   668 | D:1      | Found a faded altar of an unknown god.
   803 | D:1      | 803 ||| Stepping ~*~*~tactically~*~*~ (hiding).
   917 | D:1      | 917 ||| Stepping ~*~*~tactically~*~*~ (stealth).
   921 | D:1      | Reached XP level 3. HP: 20/21 MP: 7/7
  1116 | D:1      | 1116 ||| UPGRADING to +0 ring mail.
  1126 | D:1      | 1126 ||| DROPPING +0 leather armour.
  1127 | D:1      | 1127 ||| UPGRADING to +0 tower shield.
  1132 | D:1      | 1132 ||| READING scroll labelled IMMUJA OGAO.
  1133 | D:1      | 1133 ||| READING scroll labelled WUM MYLAZA.
  1134 | D:1      | 1134 ||| READING scroll labelled VUYRUR EPRE.
  1135 | D:1      | 1135 ||| DROPPING scroll of blinking.
  1136 | D:1      | 1136 ||| Stepping randomly (stuck).
  1137 | D:1      | 1137 ||| Stepping ~*~*~tactically~*~*~ (cloud).
  1424 | D:2      | 1424 ||| Stepping ~*~*~tactically~*~*~ (hiding).
  1451 | D:2      | Reached skill level 1 in Shields
  1458 | D:2      | 1458 ||| FLEEEEING.
  1511 | D:2      | 1511 ||| FLEEEEING.
  2198 | D:2      | Reached XP level 4. HP: 26/26 MP: 8/8
  2468 | D:2      | 2468 ||| DROPPING +0 mace.
  2547 | D:2      | 2547 ||| Stepping ~*~*~tactically~*~*~ (stealth).
  2548 | D:2      | 2548 ||| Stepping ~*~*~tactically~*~*~ (stealth).
  2610 | D:2      | 2610 ||| READING scroll labelled XINALE REAF.
  2611 | D:2      | 2611 ||| READING 2 scrolls labelled HIR PIESUATHRI.
  2614 | D:2      | 2614 ||| READING scroll labelled FYUVUTW ONAEN.
  2615 | D:2      | 2615 ||| READING scroll labelled YROAXK JAISHU.
  2877 | D:3      | 2877 ||| Stepping ~*~*~tactically~*~*~ (stealth).
  2878 | D:3      | 2878 ||| Stepping ~*~*~tactically~*~*~ (stealth).
  2880 | D:3      | 2880 ||| Stepping ~*~*~tactically~*~*~ (stealth).
  2900 | D:3      | HP: 4/26 [orc/+4 dagger (8)]
  2901 | D:3      | 2901 ||| READING scroll of teleportation.
  2905 | D:3      | 2905 ||| FLEEEEING.
  2906 | D:3      | 2906 ||| FLEEEEING.
  2908 | D:3      | 2908 ||| STAIRDANCE
  3170 | D:2      | 3170 ||| READING scroll labelled OZUOMEO QOIMA.
  3170 | D:2      | Identified a scroll of acquirement
  3170 | D:2      | 3170 ||| ACQUIRING +2 war axe of venom
  3170 | D:2      | Acquired a +2 war axe of venom
  3172 | D:2      | 3172 ||| SWAPPING to +2 war axe of venom.
  3173 | D:2      | 3173 ||| DROPPING +1 hand axe.
  3174 | D:2      | 3174 ||| READING scroll labelled URIC ULUAB.
  3175 | D:2      | 3175 ||| DRINKING 2 fizzy grey potions.
  3175 | D:2      | Gained mutation: Your body sometimes deteriorates upon
                  | taking damage. [potion of mutation]
  3221 | D:3      | 3221 ||| Stepping ~*~*~tactically~*~*~ (stealth).
  3225 | D:3      | 3225 ||| Stepping ~*~*~tactically~*~*~ (stealth).
  3233 | D:3      | Noticed Robin
  3234 | D:3      | 3234 ||| Stepping ~*~*~tactically~*~*~ (stealth).
  3235 | D:3      | 3235 ||| Stepping ~*~*~tactically~*~*~ (stealth).
  3237 | D:3      | 3237 ||| Stepping ~*~*~tactically~*~*~ (hiding).
  3241 | D:3      | Killed Robin
  3257 | D:3      | 3257 ||| Stepping ~*~*~tactically~*~*~ (stealth).
  3258 | D:3      | 3258 ||| Stepping ~*~*~tactically~*~*~ (stealth).
  3259 | D:3      | 3259 ||| Stepping ~*~*~tactically~*~*~ (stealth).
  3261 | D:3      | Reached skill level 3 in Shields
  3274 | D:3      | 3274 ||| Stepping ~*~*~tactically~*~*~ (stealth).
  3324 | D:3      | 3324 ||| Stepping ~*~*~tactically~*~*~ (stealth).
  3324 | D:3      | Found Zin's Purification Station.
  3326 | D:3      | 3326 ||| Stepping ~*~*~tactically~*~*~ (stealth).
  3351 | D:3      | 3351 ||| Stepping ~*~*~tactically~*~*~ (stealth).
  3369 | D:3      | Found a glowing silver altar of Zin.
  3372 | D:3      | 3372 ||| BUYING potion of curing (90 gold).
  3372 | D:3      | Bought a potion of curing for 90 gold pieces
  3424 | D:3      | 3424 ||| Stepping ~*~*~tactically~*~*~ (stealth).
  3426 | D:3      | 3426 ||| Stepping ~*~*~tactically~*~*~ (hiding).
  3649 | D:3      | Gained mutation: Your magical nature lets you fly swiftly
                  | and evasively. [Tengu growth]
  3649 | D:3      | Reached XP level 5. HP: 24/30 MP: 9/9
  3891 | D:3      | 3891 ||| UPGRADING to +2 pair of gloves.
  3896 | D:3      | 3896 ||| UPGRADING to +0 chain mail.
  3906 | D:3      | 3906 ||| DROPPING +0 ring mail.
  4072 | D:4      | Found a glowing golden altar of the Shining One.
  4077 | D:4      | Reached XP level 6. HP: 33/35 MP: 10/10
  4311 | D:4      | 4311 ||| Stepping ~*~*~tactically~*~*~ (stealth).
  4330 | D:4      | 4330 ||| Stepping ~*~*~tactically~*~*~ (stealth).
  4477 | D:4      | 4477 ||| Stepping ~*~*~tactically~*~*~ (stealth).
  4479 | D:4      | 4479 ||| Stepping ~*~*~tactically~*~*~ (hiding).
  4694 | D:4      | Found a shimmering blue altar of Sif Muna.
  4743 | D:4      | 4743 ||| DROPPING amulet of faith.
  4744 | D:4      | 4744 ||| READING scroll labelled FUASHR ENYOF.
  4762 | D:5      | Entered Level 5 of the Dungeon
  4925 | D:5      | Reached XP level 7. HP: 40/40 MP: 11/11
  4929 | D:5      | Reached skill level 6 in Shields
  4967 | D:5      | 4967 ||| READING scroll of enchant weapon.
  4967 | D:5      | 4967 ||| ENCHANTING +2 war axe of venom.
  5043 | D:5      | Noticed Prince Ribbit
  5063 | D:5      | Killed Prince Ribbit
  5064 | D:5      | Reached skill level 6 in Axes
  5064 | D:5      | Reached XP level 8. HP: 20/44 MP: 12/12
  5287 | D:5      | Identified the +2 leather armour of Yfij {rF+ rC+}
  5330 | D:5      | 5330 ||| Stepping ~*~*~tactically~*~*~ (hiding).
  5332 | D:5      | 5332 ||| Stepping ~*~*~tactically~*~*~ (hiding).
  5421 | D:5      | 5421 ||| Stepping ~*~*~tactically~*~*~ (hiding).
  5461 | D:5      | 5461 ||| Stepping ~*~*~tactically~*~*~ (hiding).
  5510 | D:5      | 5510 ||| Stepping ~*~*~tactically~*~*~ (stealth).
  5511 | D:5      | 5511 ||| Stepping ~*~*~tactically~*~*~ (stealth).
  5706 | D:5      | Found an ancient bone altar of Kikubaaqudgha.
  5788 | D:5      | Reached skill level 3 in Fighting
  5920 | D:5      | 5920 ||| Stepping ~*~*~tactically~*~*~ (stealth).
  6073 | D:5      | 6073 ||| DROPPING +2 leather armour of Yfij {rF+ rC+}.
  6074 | D:5      | 6074 ||| UPGRADING to +0 plate armour.
  6084 | D:5      | 6084 ||| DROPPING +0 chain mail.
  6085 | D:5      | 6085 ||| READING 2 scrolls of enchant armour.
  6085 | D:5      | 6085 ||| ENCHANTING +0 plate armour.
  6086 | D:5      | 6086 ||| READING scroll of enchant armour.
  6086 | D:5      | 6086 ||| ENCHANTING +1 plate armour.
  6087 | D:5      | 6087 ||| READING scroll labelled IZXAOR OPIE.
  6088 | D:5      | 6088 ||| DRINKING 2 bubbling grey potions.
  6089 | D:5      | 6089 ||| DROPPING potion of brilliance.
  6247 | D:6      | Found a staircase to the Ecumenical Temple.
  6248 | D:6      | 6248 ||| PLANNING TEMPLE
  6259 | D:6      | Reached skill level 3 in Armour
  6278 | D:6      | 6278 ||| DRINKING 2 smoky cyan potions.
  6310 | D:6      | 6310 ||| DROPPING potion of lignification.
  6316 | Temple   | Entered the Ecumenical Temple
  6386 | Temple   | Became a worshipper of Warmaster Okawaru
  6453 | Temple   | 6453 ||| PLANNING D:1-11
  6517 | D:6      | 6517 ||| Stepping ~*~*~tactically~*~*~ (hiding).
  6520 | D:6      | 6520 ||| READING scroll labelled OGO ENLEDA.
  6524 | D:6      | HP: 1/46 [steam dragon/ball of steam (13)]
  6525 | D:6      | 6525 ||| READING 2 scrolls of teleportation.
  6526 | D:6      | Slain by a steam dragon

Levels and vault maps discovered:
D:1:      dpeg_arrival_lava_temple_mockup, layout_rooms,
          hellmonk_ecumenical_altar_crossroads, hangedman_decor_growths
D:2:      layout_loops_corners
D:3:      layout_basic, zin_purify, uniq_robin
D:4:      layout_basic, mainiacjoe_overflow_alcove_4,
          nicolae_sif_muna_little_library
D:5:      wad_crossroads, layout_basic, mainiacjoe_overflow_alcove_2,
          grunt_ministairs_11, guppyfry_early_lair_pool, uniq_prince_ribbit1
D:6:      layout_cave_pods, lemuel_round_altar, nemelex_diamond_rough_becter,
          minmay_temple_entry_waves
Temple:   nicolae_temple_bog_church

Skill      XL: |  1  2  3  4  5  6  7  8 |
---------------+-------------------------+-----
Axes           | 3 4 5 6 7 |  7.0
Shields        | 2 3 4 5 6 7 |  7.8
Armour         | 2 3 |  3.7
Fighting       | 3 |  3.0
Throwing       | |  1.0
Dodging        | |  2.1
Spellcasting   | |  2.0
Translocations | |  2.4

Action                   |  1- 3 |  4- 6 |  7- 9 || total
-------------------------+-------+-------+-------++-------
Melee: Hand axe          |   101 |    44 |       ||   145
       Kick              |    22 |    40 |    28 ||    90
       Peck              |    12 |    13 |    24 ||    49
       War axe           |       |    95 |   102 ||   197
Throw: Boomerang         |     7 |       |       ||     7
  Use: Scroll            |     3 |     8 |     6 ||    17
       Potion            |       |     1 |     2 ||     3
Armor: Leather armour    |     8 |       |       ||     8
       Ring mail         |    17 |    14 |       ||    31
       Chain mail        |       |    25 |    35 ||    60
       Plate armour      |       |       |    16 ||    16
Dodge: Dodged            |    23 |    17 |    12 ||    52
Block: Tower shield      |    40 |    99 |    72 ||   211

Table legend:
 A = Non-vault XP
 B = Vault XP
 C = Vault XP percentage of total XP
 D = Non-vault monster count
 E = Vault monster count
 F = Vault count percentage of total count
                 A         B        C        D         E       F
            +---------+---------+-------+---------+---------+-------
      Total |    1727 |     510 |  22.8 |     103 |      19 |  15.6
            +---------+---------+-------+---------+---------+-------
        D:1 |      38 |       0 |   0.0 |      23 |       0 |   0.0
        D:2 |      61 |       0 |   0.0 |      20 |       0 |   0.0
        D:3 |      42 |      34 |  44.7 |      13 |      11 |  45.8
        D:4 |     357 |       0 |   0.0 |      20 |       0 |   0.0
        D:5 |     934 |     476 |  33.8 |      21 |       8 |  27.6
        D:6 |     295 |       0 |   0.0 |       6 |       0 |   0.0
            +---------+---------+-------+---------+---------+-------
